 Dungeon Crawl Stone Soup version 0.31-a0-1183-gd88bbb8b4d (webtiles) character file.

Game seed: 16318863872598459760

1600 qw the Skirmisher (level 8, -2/54 HPs)
             Began as a Gargoyle Hunter on Dec 11, 2023.
             Slain by a kobold brigand
             ... wielding a +0 dagger
              (4 damage)
             ... on level 5 of the Dungeon.
             The game lasted 00:02:10 (4151 turns).

qw the Skirmisher (Gargoyle Hunter)                 Turns: 4151, Time: 00:02:10

Health: -2/54      AC: 16    Str: 13 (15) XL:     8   Next: 94%
Magic:  8/8        EV: 11    Int:  9 (10) God:
Gold:   233        SH:  0    Dex: 13 (15) Spells: 7/7 levels left

rFire   + . .        b - +0 orcbow
rCold   x . .        (shield currently unavailable)
rNeg    + . .        d - +1 ring mail
rPois   inf          j - +1 helmet {SInv}
rElec   +            (no cloak)
rCorr   .            (no gloves)
SInv    +            e - +1 pair of boots
Will    ++...        (no amulet)
Stlth   +            g - ring "Xabbur" {Fire Will+}
HPRegen 0.29/turn    (no ring)
MPRegen 0.11/turn

%: no passive effects
@: enlightened, flying, hasted, very quick
A: sickness immunity, AC +5, negative energy resistance 1, electricity
resistance, torment resistance 1, petrification resistance
a: no special abilities


You were on level 5 of the Dungeon.
You visited 1 branch of the dungeon, and saw 6 of its levels.

You collected 233 gold pieces.


Innate Abilities, Weirdness & Mutations

You are immune to sickness and miasma.
Your stone body is resilient. (AC +5)
You are immune to poison.
You resist negative energy. (rN+)
You are resistant to electric shocks. (rElec)
You are resistant to unholy torment.
You are immune to petrification.


   Skills:
 - Level 8.0 Fighting
 - Level 12.4 Ranged Weapons
 + Level 3.1 Armour
 - Level 2.1 Dodging
 - Level 1.1 Stealth


You had 7 spell levels left.
You didn't know any spells.
Your spell library was empty.

Inventory:

Hand Weapons
 b - a +0 orcbow (weapon)
Armour
 d - a +1 ring mail (worn)
 e - a +1 pair of boots (worn)
 j - a +1 helmet of see invisible (worn)
Jewellery
 g - the ring "Xabbur" (left hand) {Fire Will+}
   (You found it on level 3 of the Dungeon)

   [ring of fire]

   Fire:      It enhances your fire magic.
   rF+:       It protects you from fire.
   rC-:       It makes you vulnerable to cold.
   Will+:     It increases your willpower.
Potions
 f - a potion of resistance
 i - a potion of cancellation

Dungeon Overview and Level Annotations

Branches:
Dungeon (6/15)             Temple (0/1) D:5

Altars:
Cheibriados
Sif Muna
Yredelemnul

Shops:
D:4 :

Annotations:
D:3 1 runed translucent door, Crazy Yiuf


Message History

The black bear bites you but does no damage.
The black bear barely misses you.
The black bear claws you but does no damage.
The kobold brigand hits you but does no damage.
The water moccasin bites you.
4146 ||| DRINKING fizzy golden potion.
It was a potion of haste.
You feel yourself speed up.
The black bear bites you but does no damage.
The black bear claws you but does no damage.
The black bear closely misses you. The water moccasin bites you.
The kobold brigand hits you but does no damage.
4147 ||| DRINKING bubbling red potion.
It was a potion of enlightenment.
You feel very buoyant.
You fly up into the air.
The water moccasin barely misses you. The black bear bites you.
The black bear claws you but does no damage.
The black bear closely misses you.
The kobold brigand hits you but does no damage.
You shoot an arrow.
The arrow closely misses the water moccasin.
The water moccasin bites you but does no damage.
The black bear bites you but does no damage.
The black bear misses you.
The black bear claws you but does no damage.
The kobold brigand hits you with a +0 dagger.
You shoot an arrow.
The arrow closely misses the water moccasin.
The water moccasin closely misses you.
You shoot an arrow. The arrow hits the water moccasin.
The water moccasin is severely wounded.
The water moccasin closely misses you.
The black bear bites you but does no damage.
The black bear claws you but does no damage.
The black bear barely misses you.
The kobold brigand hits you but does no damage.
You shoot an arrow. The arrow misses the water moccasin.
The water moccasin bites you but does no damage.
The black bear misses you. The black bear closely misses you. x2
The kobold brigand hits you with a +0 dagger.
You die...

#.##.# ## #.##.# .##
####.##.# ..#
#########.....#.# ..#
#..........#..#.# #.#
#.#######..#..#.#
#.####.# #.........#.#
#.#....###.#####K###.#
.......).......h@S.#.##
....####.###.#####.#..#
.#### ##.))..# #.##.#
.# #..)...# #....# .#
#.#)...# ###### .#
##.#....#### .#
#.......?..# ###
##..........#
..###...........#


You could see a water moccasin, a black bear and a kobold brigand.

Vanquished Creatures
  An ice beast (D:5)
  A sky beast (D:5)
  2 centaurs (D:5)
  7 scorpions
  5 orc priests
  A jelly (D:4)
  4 hounds
  5 iguanas
  2 orc wizards (D:5)
  Robin (D:3)
  12 adders
  5 gnolls
  A shadow imp (D:5)
  A worm (D:3)
  7 dart slugs
  18 orcs
  2 ball pythons
  2 endoplasms
  A giant cockroach (D:1)
  17 goblins
  6 hobgoblins
  2 jackals (D:1)
  8 kobolds
  5 quokkas
  10 bats
  4 frilled lizards
  7 rats
137 creatures vanquished.

Notes
Turn   | Place    | Note
-------+----------+-------------------------------------------
     0 | D:1      | qw the Gargoyle Hunter began the quest for the Orb.
     0 | D:1      | Reached XP level 1. HP: 12/12 MP: 1/1
     0 | D:1      | 0 ||| qw: Version: 0.3-a-106-g2cfff9e
     0 | D:1      | 0 ||| qw: Game counter: 2093
     0 | D:1      | 0 ||| qw: Melee chars always use a shield: true
     0 | D:1      | 0 ||| qw: God list: Okawaru
     0 | D:1      | 0 ||| qw: Allow faded altars: false
     0 | D:1      | 0 ||| qw: Do Orc after clearing Dungeon:15 true
     0 | D:1      | 0 ||| qw: Do second Lair branch before Depths: true
     0 | D:1      | 0 ||| qw: Lair rune preference: random
     0 | D:1      | 0 ||| qw: Goals: Normal, Save, Zot:1-4, Win
     0 | D:1      | 0 ||| PLANNING D:1-11
    66 | D:1      | Reached XP level 2. HP: 17/17 MP: 2/2
   300 | D:1      | Reached XP level 3. HP: 21/21 MP: 3/3
   378 | D:1      | Reached skill level 5 in Ranged Weapons
   725 | D:1      | 725 ||| UPGRADING to +0 ring mail.
   735 | D:1      | 735 ||| DROPPING +0 leather armour.
   736 | D:1      | 736 ||| READING scroll labelled FICSAH PEOWA.
   736 | D:1      | 736 ||| IDENTIFYING fuming cyan potion
   737 | D:1      | 737 ||| READING scroll labelled OPYPSY HYAQOUM.
   738 | D:1      | 738 ||| READING scroll labelled UCRUTA NASISEL.
   741 | D:1      | 741 ||| READING scroll labelled JOADIHAWNU.
   741 | D:1      | 741 ||| ENCHANTING +0 ring mail.
   742 | D:1      | 742 ||| DROPPING scroll of butterflies.
   973 | D:2      | Reached skill level 1 in Armour
   973 | D:2      | Reached XP level 4. HP: 27/27 MP: 4/4
  1104 | D:2      | Reached skill level 3 in Fighting
  1286 | D:2      | 1286 ||| UPGRADING to +0 pair of boots.
  1291 | D:2      | 1291 ||| READING scroll of enchant armour.
  1291 | D:2      | 1291 ||| ENCHANTING +0 pair of boots.
  1292 | D:2      | 1292 ||| READING 2 scrolls of identify.
  1292 | D:2      | 1292 ||| IDENTIFYING smoky emerald potion
  1293 | D:2      | 1293 ||| DRINKING potion of experience.
  1293 | D:2      | Reached skill level 12 in Ranged Weapons
  1293 | D:2      | Reached XP level 5. HP: 32/32 MP: 5/5
  1294 | D:2      | 1294 ||| READING scroll of identify.
  1294 | D:2      | 1294 ||| IDENTIFYING pink potion
  1295 | D:2      | 1295 ||| READING scroll labelled NEVANINISEH.
  1296 | D:2      | 1296 ||| READING scroll labelled MIEMISHRICLY.
  1297 | D:2      | 1297 ||| READING scroll labelled VUDECA QETS.
  1398 | D:2      | 1398 ||| DRINKING 2 clear potions.
  1399 | D:2      | 1399 ||| DROPPING potion of attraction.
  1767 | D:3      | Identified the ring "Xabbur" {Fire Will+}
  1800 | D:3      | Noticed Robin
  1819 | D:3      | Killed Robin
  1820 | D:3      | Reached XP level 6. HP: 31/37 MP: 6/6
  2207 | D:3      | Found a runed translucent door.
  2208 | D:3      | Noticed Crazy Yiuf
  2263 | D:3      | 2263 ||| UPGRADING to +0 helmet.
  2268 | D:3      | 2268 ||| UPGRADING to ring "Xabbur" {Fire Will+}.
  2269 | D:3      | 2269 ||| READING scroll of identify.
  2269 | D:3      | 2269 ||| IDENTIFYING dark potion
  2270 | D:3      | 2270 ||| READING scroll labelled ERYB GAONOFY.
  2557 | D:4      | Found Ythiel's Book Boutique.
  2574 | D:4      | Reached XP level 7. HP: 44/44 MP: 7/7
  2581 | D:4      | Found a basalt altar of Yredelemnul.
  2866 | D:4      | Reached skill level 6 in Fighting
  2866 | D:4      | Reached XP level 8. HP: 45/51 MP: 8/8
  3120 | D:4      | 3120 ||| UPGRADING to +1 helmet of see invisible.
  3130 | D:4      | 3130 ||| DROPPING +0 helmet.
  3162 | D:5      | Entered Level 5 of the Dungeon
  3215 | D:5      | Reached skill level 3 in Armour
  3465 | D:5      | Found a shimmering blue altar of Sif Muna.
  3466 | D:5      | Found a snail-covered altar of Cheibriados.
  3497 | D:5      | 3497 ||| RETREEAATING.
  3499 | D:5      | 3499 ||| Stepping ~*~*~tactically~*~*~ (retreating).
  3524 | D:5      | HP: 9/52 [gnoll/+0 spear (7)]
  3525 | D:5      | 3525 ||| READING scroll of teleportation.
  3526 | D:5      | 3526 ||| DRINKING metallic yellow potion.
  3527 | D:5      | 3527 ||| DRINKING silvery potion.
  3527 | D:5      | HP: 2/52 [gnoll/+0 spear (4)]
  3528 | D:5      | 3528 ||| DRINKING potion of curing.
  3528 | D:5      | 3528 ||| (to cure confusion)
  3665 | D:5      | Found a staircase to the Ecumenical Temple.
  3666 | D:5      | 3666 ||| PLANNING TEMPLE
  4030 | D:5      | 4030 ||| READING scroll labelled QEOTUC RYKYNG.
  4031 | D:5      | 4031 ||| READING 2 scrolls labelled PUONOE JAOHA.
  4032 | D:5      | 4032 ||| DROPPING scroll of noise.
  4044 | D:6      | 4044 ||| STAIRDANCE
  4048 | D:6      | 4048 ||| STAIRDANCE
  4076 | D:6      | 4076 ||| STAIRDANCE
  4080 | D:6      | 4080 ||| STAIRDANCE
  4128 | D:5      | 4128 ||| SWAPPING to +0 orcbow.
  4129 | D:5      | 4129 ||| DROPPING +0 shortbow.
  4133 | D:6      | 4133 ||| STAIRDANCE
  4145 | D:5      | HP: 13/54 [water moccasin (5)]
  4146 | D:5      | 4146 ||| DRINKING fizzy golden potion.
  4147 | D:5      | 4147 ||| DRINKING bubbling red potion.
  4147 | D:5      | HP: 6/54 [black bear (5)]
  4148 | D:5      | HP: 1/54 [kobold brigand/+0 dagger (5)]
  4151 | D:5      | Slain by a kobold brigand

Levels and vault maps discovered:
D:1:      minmay_arrival_up_and_down, layout_loops_ring
D:2:      layout_basic
D:3:      layout_loops_cross, uniq_robin, uniq_crazy_yiuf_cottage
D:4:      old_forge, layout_loops_ring, kennysheep_little_box, serial_shops,
          shop, corexii_checkpoint
D:5:      layout_basic, chequers_temple_overflow_statue_of_worship,
          minmay_temple_entry_from_below_b
D:6:      layout_loops_ring, gammafunk_temple_overflow_claw,
          mainiacjoe_overflow_concentric_impassable,
          mainiacjoe_overflow_six_doors_small

Skill      XL: |  1  2  3  4  5  6  7  8 |
---------------+-------------------------+-----
Ranged Weapons | 5 12 | 12.4
Armour         | 1 2 3 |  3.1
Fighting       | 3 4 6 8 |  8.0
Dodging        | 2 |  2.1
Stealth        | |  1.1

Action                     |  1- 3 |  4- 6 |  7- 9 || total
---------------------------+-------+-------+-------++-------
   Fire: Shortbow          |    94 |   194 |   278 ||   566
         Orcbow            |       |       |    15 ||    15
    Use: Scroll            |     4 |     8 |     3 ||    15
         Potion            |       |     2 |     5 ||     7
 Armour: Leather armour    |    19 |       |       ||    19
         Ring mail         |     3 |    54 |   226 ||   283
  Dodge: Dodged            |    26 |    58 |   184 ||   268

Table legend:
 A = Non-vault XP
 B = Vault XP
 C = Vault XP percentage of total XP
 D = Non-vault monster count
 E = Vault monster count
 F = Vault count percentage of total count
                 A         B        C        D         E       F
            +---------+---------+-------+---------+---------+-------
      Total |    1689 |     487 |  22.4 |     111 |      26 |  19.0
            +---------+---------+-------+---------+---------+-------
        D:1 |      66 |       0 |   0.0 |      27 |       0 |   0.0
        D:2 |      49 |       0 |   0.0 |      15 |       0 |   0.0
        D:3 |     130 |      34 |  20.7 |      18 |      11 |  37.9
        D:4 |     464 |     453 |  49.4 |      24 |      15 |  38.5
        D:5 |     980 |       0 |   0.0 |      27 |       0 |   0.0
            +---------+---------+-------+---------+---------+-------
